 Dungeon Crawl Stone Soup version 0.22-a0-322-g60b3cfd (webtiles) character file.

598933 Kairos the Hoplite (level 27, 0/217 HPs)
             Began as a Human Fighter on Apr 3, 2018.
             Was the Champion of Okawaru.
             Slain by a reaper
             ... wielding a +1 antimagic scythe
              (23 damage)
             ... on level 5 of the Depths on Apr 4, 2018.
             The game lasted 06:45:55 (77174 turns).

Kairos the Hoplite (Human Fighter)                 Turns: 77174, Time: 06:45:55

Health: 0/217      AC: 19    Str: 22    XL:     27
Magic:  1/39       EV: 24    Int: 23    God:    Okawaru [******]
Gold:   6647       SH: 21    Dex: 26    Spells: 49/51 levels left

rFire    + + +     SeeInvis +   r - +11 war axe "Hydra's Curse" {holy, Int+2 Dex+4}
rCold    + . .     Gourm    .   g - +3 shield "Duluvank" {Str+2}
rNeg     + + +     Faith    +   p - +7 chain mail of Pegeyhaq {rC+ Dex+2}
rPois    .         Spirit   .   C - +1 hat of the Dice {rElec rF+ rCorr Int-2}
rElec    +         Reflect  .   z - +2 cloak {MR+}
rCorr    +         Harm     .   B - +1 pair of gloves of Binouj {*Drain *Slow rF+++ rN+++ Int+3}
MR       +++..                  u - +2 pair of boots {run}
Stlth    +.........             t - amulet of Taits {Faith rElec Int+4}
HPRegen  0.46/turn              G - ring "Gagexkic" {EV+3 Int+5}
MPRegen  0.26/turn              Z - ring of see invisible

@: corroded, slowed, very slow
A: no striking features
}: 3/15 runes: decaying, serpentine, silver
a: Heroism, Finesse, Renounce Religion


You were on level 5 of the Depths.
You worshipped Okawaru.
Okawaru was exalted by your worship.
You were hungry.

You visited 10 branches of the dungeon, and saw 46 of its levels.
You also visited: Trove, Ossuary and Ice Cave.

You collected 8549 gold pieces.
You spent 1902 gold pieces at shops.

Inventory:

Hand Weapons
 e - a +1 antimagic broad axe
 o - the +2 demon whip of Recklessness {venom, *Rage rPois rF+ rC+}
   (Okawaru gifted it to you on level 6 of the Lair of Beasts)

   It poisons the flesh of those it strikes.
   It protects you from fire.
   It protects you from cold.
   It protects you from poison.
   It may make you go berserk in combat.
 r - the +11 war axe "Hydra's Curse" (weapon) {holy, Int+2 Dex+4}
   (You found it on level 2 of the Depths)

   It has been blessed by the Shining One to cause great damage to the undead
   and demons.
   It affects your intelligence (+2).
   It affects your dexterity (+4).
 y - the +8 war axe "Wucleix" {flame, MR+ Int+2}
   (Okawaru gifted it to you on level 5 of the Vaults)

   It has been specially enchanted to burn those struck by it, causing extra
   injury to most foes and up to half again as much damage against particularly
   susceptible opponents.
   Big, fiery blades are also staple armaments of hydra-hunters.
   It affects your intelligence (+2).
   It affects your resistance to hostile enchantments.
 I - the +1 morningstar "Qotat" {antimagic, rElec Str-4 Int+5}
   (Okawaru gifted it to you on level 2 of the Depths)

   It reduces the magical energy of the wielder, and disrupts the spells and
   magical abilities of those hit.
   Natural abilities and divine invocations are not affected.
   It affects your strength (-4).
   It affects your intelligence (+5).
   It insulates you from electricity.
 V - a +7 broad axe of freezing
Armour
 g - the +3 shield "Duluvank" (worn) {Str+2}
   (Okawaru gifted it to you on level 2 of the Vaults)

   It affects your strength (+2).
 p - the +7 chain mail of Pegeyhaq (worn) {rC+ Dex+2}
   (You found it on level 1 of the Depths)

   It affects your dexterity (+2).
   It protects you from cold.
 u - a +2 pair of boots of running (worn)
 w - the +7 chain mail "Hupsar" {rC+ Stlth+}
   (You found it on level 5 of the Vaults)

   It protects you from cold.
   It makes you more stealthy.
 z - a +2 cloak of magic resistance (worn)
 B - the +1 pair of gloves of Binouj (worn) {*Drain *Slow rF+++ rN+++ Int+3}
   (You found it on level 4 of the Swamp)

   It affects your intelligence (+3).
   It renders you almost immune to fire.
   It renders you almost immune to negative energy.
   It causes draining when unequipped.
   It may slow you when you take damage.
 C - the +1 hat of the Dice (worn) {rElec rF+ rCorr Int-2}
   (Okawaru gifted it to you on level 8 of the Dungeon)

   It affects your intelligence (-2).
   It protects you from fire.
   It insulates you from electricity.
   It protects you from acid and corrosion.
Jewellery
 c - an uncursed amulet of guardian spirit
 h - the ring of Yjuecal {AC+5 Dex+2 Slay+2}
   (You found it in a treasure trove)

   [ring of protection]

   It affects your AC (+5).
   It affects your dexterity (+2).
   It affects your accuracy and damage with ranged weapons and melee attacks
   (+2).
 l - an uncursed ring of flight
 t - the amulet of Taits (around neck) {Faith rElec Int+4}
   (You found it on level 4 of the Lair of Beasts)

   [amulet of faith]

   It allows you to gain divine favour quickly.
   It affects your intelligence (+4).
   It insulates you from electricity.
 x - the ring "Rodehiurgh" {rPois rC+ AC+4 Int+3 Stlth-}
   (You found it in a treasure trove)

   [ring of protection]

   It affects your AC (+4).
   It affects your intelligence (+3).
   It protects you from cold.
   It protects you from poison.
   It makes you less stealthy.
 A - a +5 ring of intelligence
 G - the ring "Gagexkic" (left hand) {EV+3 Int+5}
   (You found it on level 11 of the Dungeon)

   [ring of evasion]

   It affects your evasion (+3).
   It affects your intelligence (+5).
 M - a +3 ring of dexterity
 Z - a ring of see invisible (right hand)
Wands
 a - a wand of clouds (4)
 W - a wand of digging (25)
Scrolls
 j - a scroll of acquirement
 m - 7 scrolls of fog
 n - 9 scrolls of identify
 q - 13 scrolls of teleportation
 E - 20 scrolls of remove curse
 L - a scroll of blinking
 N - 8 scrolls of fear
 R - 2 scrolls of holy word
 S - a scroll of silence
 T - 7 scrolls of magic mapping
Potions
 b - 4 potions of magic
 d - 7 potions of might
 i - 19 potions of curing
 k - 14 potions of brilliance
 s - 9 potions of heal wounds
 v - 8 potions of berserk rage
 D - 4 potions of haste
 F - 4 potions of cancellation
 H - 10 potions of agility
 J - 4 potions of invisibility
 K - 5 potions of flight
 Q - 6 potions of resistance
 U - 5 potions of ambrosia
Miscellaneous
 O - a fan of gales
Comestibles
 f - 43 rations


   Skills:
 + Level 18.1 Fighting
 - Level 18.0(19.2) Axes
 - Level 12.6(16.7) Maces & Flails
   Level 1.0(12.2) Polearms
   Level 2.9(3.2) Slings
 - Level 2.1(2.9) Throwing
 * Level 15.7 Armour
 * Level 15.1 Dodging
 + Level 5.0 Stealth
 + Level 21.6 Shields
 + Level 1.6 Unarmed Combat
 * Level 12.9 Spellcasting
 * Level 8.0 Translocations
 * Level 15.3 Invocations
 + Level 2.4 Evocations


You had 49 spell levels left.
You knew the following spells:

 Your Spells              Type           Power        Failure   Level  Hunger
a - Blink                 Tloc           N/A          1%          2    None


Dungeon Overview and Level Annotations

Branches:
Dungeon (15/15)            Temple (1/1) D:6            Lair (6/6) D:10
  Swamp (4/4) Lair:3        Snake (4/4) Lair:3        Slime (0/5) Lair:5
    Orc (2/2) D:12            Elf (3/3) Orc:2        Vaults (5/5) D:13
  Crypt (0/3) Vaults:2     Depths (5/5) D:15           Hell (1/1)
    Zot (0/5) Depths:5
    Dis: Hell:1         Geh: Hell:1         Coc: Hell:1         Tar: Hell:1

Altars:
Ashenzari
Cheibriados
Dithmenos
Elyvilon
Fedhas
Gozag
Hepliaklqana
Kikubaaqudgha
Makhleb
Nemelex Xobeh
Okawaru
Qazlal
Ru
Sif Muna
Trog
Uskayaw
Vehumet
Wu Jian
Xom
Yredelemnul
Zin
The Shining One
Beogh

Shops:
D:4 [   D:10 !   D:15 *   Orc:1 (   Orc:2 ![%(   Elf:3 }   Snake:3 :}}=
Vaults:1 }[(}*   Depths:1 (   Depths:2 [   Depths:5 (?}%

Portals:
Hell: Depths:1 Depths:2 Depths:3 Depths:4 Depths:5
Abyss: Depths:4
Pandemonium: Depths:3
Ziggurat: Depths:1

Annotations:
Hell Geryon


Message History

You hit the reaper but do no damage. x2; You hit the reaper.
The reaper convulses.
You feel sick. The reaper misses you.
The reaper hits you with an antimagic scythe!!
You feel your power leaking away.
You hit the reaper.
The reaper convulses.
The reaper is moderately wounded.
You hit the reaper but do no damage. You hit the reaper.
The reaper convulses.
You feel sick.
The reaper hits you with a scythe of venom!!
* * * LOW HITPOINT WARNING * * *
You feel yourself slow down.
You are more poisoned.
You don't have enough magic at the moment.
You feel sick. You block the reaper's attack. x2
The reaper hits you with a scythe of venom!!
* * * LOW HITPOINT WARNING * * *
You are lethally poisoned!
You feel better. You block the reaper's attack.
The reaper hits you from afar with an antimagic scythe!!
You die...

.............#....'......##...###
#............#............##.###.
#..........................####..
#..............≈≈≈≈≈........##..∩
#.............≈≈###≈≈........##..
#.............≈#####≈.........##.
#............≈###.###≈..'####..#'
.....#####...≈##2.2##≈...##......
.....# #...≈#≈@∩.##≈.........#.
#.#### #...≈≈#2).##≈.........'.
...### #...≈###.###≈.........#.
....### #....≈#####≈..........#.
.....#####....≈≈###≈≈......##..##
.∩....###......≈≈≈≈≈...#...##..##
.......##..................#.....
........#....#.............'.....
.#..∩........#.............#.....


You could see 3 reapers.

Vanquished Creatures
  Mara (Depths:1)
  Mennas (Vaults:2)
  Sojobo (Depths:1)
  Boris (Vaults:4)
  Frederick (Vaults:2)
  the Lernaean hydra (Swamp:4)
  Saint Roka (Depths:3)
  Vashnia (Snake:3)
  Xtahua (Vaults:2)
  4 caustic shrikes
  Bai Suzhen (Swamp:4)
  The ghost of DEFE the Metallomancer, a veteran DEWn of Vehumet (Depths:5)
  A golden dragon (shapeshifter) (Depths:4)
  The ghost of Nattefrost the Slayer, a veteran TeBe of Trog (Depths:3)
  4 golden dragons
  2 bone dragons
  An iron giant (shapeshifter) (Depths:4)
  Jorgrun (Swamp:3)
  3 tentacled monstrosities
  3 liches
  3 deep elf blademasters
  3 quicksilver dragons
  Asterion (Vaults:2)
  Murray (Depths:5)
  A deep elf master archer (Elf:3)
  4 titans
  4 thorn hunters
  6 sphinxes
  Kirke (Swamp:3)
  Frances (D:13)
  A shadow dragon (shapeshifter) (Depths:4)
  10 tengu reavers
  A storm dragon (shapeshifter) (Depths:4)
  3 storm dragons
  2 shadow dragons
  Roxanne (Swamp:1)
  7 nagarajas
  10 deep elf sorcerers
  2 orc warlords (Orc:1)
  15 frost giants
  9 fire giants
  A balrug (Hell)
  2 ghost moths (Depths:4)
  9 vault wardens
  Aizul (Snake:1)
  3 iron dragons
  3 deep elf elementalists (Elf:3)
  A spriggan defender (Depths:2)
  15 ironheart preservers
  2 draconian stormcallers (Depths:5)
  6 war gargoyles
  21 very ugly things
  3 entropy weavers
  20 stone giants
  2 reapers
  Azrael (Elf:1)
  6 deep elf annihilators
  A purple draconian (Depths:5)
  A spark wasp (Depths:4)
  9 deep elf demonologists
  A green draconian (Depths:5)
  A red draconian (Depths:5)
  The ghost of Tungsten the Frost Mage, a journeyman NaIE of Kikubaaqudgha (Lair:4)
  4 lorocyprocas (Depths:4)
  14 ettins
  A blizzard demon (Depths:1)
  12 fire dragons
  Snorg (D:11)
  3 crystal guardians
  7 deep elf death magi
  13 yaktaur captains
  Harold (Lair:4)
  7 ice dragons
  An ice dragon (shapeshifter) (Depths:4)
  31 vault guards
  6 great orbs of eyes
  19 naga warriors
  3 rakshasas
  28 hydras
  A hell beast (Depths:3)
  5 deep elf high priests
  5 spriggan air magi
  2 catoblepae (Depths:4)
  A juggernaut simulacrum (Depths:4)
  2 ghost crabs (Swamp:3)
  2 anacondas (shapeshifter)
  8 centaur warriors
  19 anacondas
  2 death knights
  20 ogre magi
  Fannar (D:10)
  A vampire mage (Depths:2)
  37 dancing weapons
  7 hell hogs (Hell)
  2 deep troll shamans (Depths:5)
  3 tengu warriors
  53 two-headed ogres
  12 death yaks
  The ghost of CollectiveS the Slicer, a journeyman HaSk of Ru (D:11)
  3 orc high priests (Orc:2)
  8 alligators
  11 deep troll earth magi
  A spriggan berserker (Depths:2)
  15 naga sharpshooters
  Urug (Lair:4)
  6 shock serpents
  A soul eater (Depths:3)
  3 sun demons (Depths:1)
  22 deep elf knights
  Nergalle (D:10)
  3 shadow wraiths
  5 skeletal warriors (Vaults:2)
  2 sixfirhies (Depths:3)
  2 iron trolls (Depths:5)
  4 salamander mystics
  A storm dragon skeleton (Depths:1)
  2 spark wasp zombies
  27 deep trolls
  A flayed ghost (Depths:2)
  2 wizards
  2 lindwurms (Lair:6)
  2 tengu zombies
  A sea snake (shapeshifter) (D:15)
  11 deep elf archers
  4 glowing orange brains
  8 naga ritualists
  2 spriggan druids
  An obsidian statue (Depths:1)
  An orange crystal statue (D:8)
  19 swamp dragons
  16 orc knights
  2 shambling mangroves
  9 harpies (Vaults:2)
  13 ironbrand convokers
  5 necromancers
  12 mana vipers
  6 wolf spiders
  A manticore (D:13)
  40 ugly things
  5 orc sorcerers
  52 deep elf magi
  A fire giant zombie (Depths:2)
  An iron dragon zombie (Depths:2)
  17 salamanders
  4 oklob plants (Lair:6)
  A faun (shapeshifter) (Vaults:5)
  3 sphinx skeletons (Vaults:2)
  A tengu skeleton (Vaults:2)
  4 cyclopes
  A frost giant skeleton (Vaults:2)
  A moth of wrath (shapeshifter) (Depths:4)
  14 vault sentinels
  13 elephants
  A centaur zombie (D:14)
  A shining eye (shapeshifter) (Vaults:2)
  A fire giant skeleton (Vaults:5)
  3 rust devils (Depths:5)
  A guardian serpent (shapeshifter) (Depths:3)
  A black mamba (shapeshifter) (Depths:2)
  34 black mambas
  5 torpor snails (Lair:6)
  Psyche (D:10)
  13 guardian serpents
  4 ice statues (IceCv)
  Joseph (D:10)
  22 naga magi
  2 orange demons (Depths:1)
  A gargoyle (D:11)
  An orc skeleton (Vaults:2)
  3 rime drakes
  A komodo dragon (shapeshifter) (Elf:1)
  30 yaktaurs
  An efreet (D:12)
  9 komodo dragons
  18 spiny frogs
  5 freezing wraiths
  11 ice devils
  4 human skeletons (Vaults:2)
  A jumping spider (shapeshifter) (D:14)
  A jumping spider (Vaults:3)
  2 merfolk (shapeshifter)
  2 trolls (shapeshifter)
  18 hornets
  A red devil (Depths:1)
  12 tyrant leeches
  A wind drake (shapeshifter) (Vaults:2)
  A tyrant leech (shapeshifter) (Depths:5)
  Prince Ribbit (D:7)
  Grinder (D:4)
  A slime creature (shapeshifter) (Depths:4)
  8 trolls
  2 dream sheep (D:8)
  22 blink frogs
  7 bog bodies
  A human simulacrum (Vaults:5)
  2 hippogriffs (shapeshifter)
  60 slime creatures
  10 hippogriffs
  2 shadows
  An elf zombie (Depths:2)
  The ghost of stickyfingers the Charlatan, an amateur DEFi of Makhleb (D:4)
  4 redbacks
  2 redbacks (shapeshifter) (Vaults:5)
  5 air elementals
  36 yaks
  A spriggan (shapeshifter) (Depths:4)
  A vampire (D:13)
  Sigmund (D:3)
  5 spriggans
  8 water elementals
  A tarantella (Vaults:4)
  2 wyverns
  7 wraiths
  Grum (D:11)
  3 hungry ghosts
  2 hogs
  A human (shapeshifter) (Elf:3)
  7 basilisks
  11 fire elementals
  2 basilisks (shapeshifter)
  A neqoxec (Depths:3)
  A yaktaur simulacrum (Vaults:5)
  3 steam dragons (Lair:6)
  9 vampire mosquitoes
  21 swamp worms
  6 insubstantial wisps (Swamp:1)
  62 nagas
  3 wargs
  2 soldier ants (shapeshifter) (Vaults:1)
  Edmund (D:4)
  5 acid dragons
  2 soldier ants (D:11)
  A deep troll skeleton (Vaults:2)
  A floating eye (Depths:2)
  3 hell hounds (Elf:1)
  3 porcupines
  15 water moccasins
  A sky beast (D:13)
  4 black bears
  50 orc warriors
  20 swamp drakes
  An eye of draining (D:15)
  A phantom (D:14)
  An ettin simulacrum (Vaults:3)
  16 ice beasts
  39 ogres
  16 centaurs
  5 boggarts (Depths:1)
  4 wolves
  11 crocodiles
  2 elf skeletons (Vaults:2)
  5 big kobolds
  22 bullfrogs
  3 earth elementals
  4 scorpions
  A water moccasin skeleton (D:8)
  5 killer bees (D:9)
  6 wights
  6 electric eels
  6 howler monkeys
  19 crimson imps
  A draconian simulacrum (IceCv)
  A bullfrog zombie (D:13)
  A quasit (D:8)
  A wyvern simulacrum (D:14)
  A jelly (D:9)
  25 orc wizards
  2 bullfrog skeletons
  21 orc priests
  7 hounds
  5 iguanas
  2 iron imps (Depths:1)
  Crazy Yiuf (D:4)
  A worker ant (shapeshifter) (Depths:2)
  6 worker ants
  7 hell rats (Lair:6)
  3 troll simulacra (IceCv)
  2 centaur simulacra (IceCv)
  9 mummies
  2 worker ant zombies
  20 adders
  A howler monkey skeleton (D:7)
  11 gnolls
  2 naga simulacra (IceCv)
  2 ogre simulacra (IceCv)
  4 shadow imps
  3 white imps
  2 oozes
  2 worms
  4 dart slugs
  5 leopard geckos
  104 orcs
  5 giant cockroaches
  8 goblins
  9 hobgoblins
  9 jackals
  20 kobolds
  4 quokkas
  3 ball pythons
  A ball python skeleton (D:5)
  14 bats
  7 frilled lizards
  A gnoll zombie (Ossuary)
  2 hobgoblin zombies
  A jackal zombie (D:9)
  3 kobold zombies
  A leopard gecko zombie (D:7)
  4 orc zombies (Ossuary)
  12 rats
  5 fungi
  3 plants
2145 creatures vanquished.

Vanquished Creatures (others)
  A deep elf master archer (Elf:3)
  An ironheart preserver (Vaults:3)
  A spriggan druid (Swamp:4)
  An unseen horror (shapeshifter) (Depths:3)
  A deep elf mage (Elf:3)
  A black mamba (Snake:1)
  A vault sentinel (Vaults:2)
  A blink frog (Swamp:4)
  2 humans (Swamp:4)
  A naga (Snake:4)
  2 orc warriors
  A boggart (Depths:1)
  An ogre (Vaults:5)
  An orc priest (Vaults:2)
  A briar patch (Swamp:4)
  26 fungi
  59 plants
102 creatures vanquished.

Grand Total: 2247 creatures vanquished

Notes
Turn   | Place    | Note
-------+----------+-------------------------------------------
     0 | D:1      | Kairos the Human Fighter began the quest for the Orb.
     0 | D:1      | Reached XP level 1. HP: 18/18 MP: 1/1
   102 | D:1      | Reached XP level 2. HP: 23/24 MP: 2/2
   416 | D:1      | Reached XP level 3. HP: 26/29 MP: 3/3
   856 | D:1      | Reached XP level 4. HP: 34/35 MP: 4/4
  1504 | D:3      | Noticed Sigmund
  2041 | D:3      | Killed Sigmund
  2041 | D:3      | Reached skill level 1 in Stealth
  2041 | D:3      | Reached XP level 5. HP: 35/41 MP: 5/5
  2041 | D:3      | Reached XP level 6. HP: 40/47 MP: 6/6
  2193 | D:3      | Found a snail-covered altar of Cheibriados.
  2253 | D:2      | Reached skill level 1 in Dodging
  2862 | D:4      | Found Jenu's Antique Armour Emporium.
  2949 | D:4      | Reached XP level 7. HP: 53/53 MP: 7/7
  2990 | D:4      | Noticed stickyfingers's ghost (amateur DEFi)
  3056 | D:4      | Killed stickyfingers's ghost
  3056 | D:4      | Reached skill level 4 in Shields
  3354 | D:4      | Noticed Grinder
  3479 | D:4      | Reached skill level 5 in Axes
  3794 | D:4      | Noticed Edmund
  3825 | D:4      | Killed Edmund
  3825 | D:4      | Reached XP level 8. HP: 23/60 MP: 8/8
  4017 | D:4      | Got a crude whip
  4018 | D:4      | Identified the +5 whip "Plog" {slash, *Rage rPois rC+ rN+} (You found it on level 4 of the Dungeon)
  4040 | D:4      | Found a runed door.
  4044 | D:4      | Noticed Crazy Yiuf
  4054 | D:4      | Killed Crazy Yiuf
  4484 | D:4      | Killed Grinder
  4484 | D:4      | Reached skill level 5 in Armour
  4570 | D:4      | Reached skill level 1 in Evocations
  4659 | D:5      | Entered Level 5 of the Dungeon
  4695 | D:5      | Reached skill level 1 in Maces & Flails
  4754 | D:5      | Found a shattered altar of Ashenzari.
  4957 | D:5      | Reached skill level 5 in Shields
  5043 | D:5      | Found a glowing silver altar of Zin.
  5223 | D:4      | Bought a shimmering chain mail for 256 gold pieces
  5233 | D:4      | Identified the cursed +1 chain mail "Ixya" {rF+ Regen+ Stlth+} (You bought it in a shop on level 4 of the Dungeon)
  5350 | D:6      | Reached XP level 9. HP: 39/65 MP: 9/9
  5410 | D:6      | Found a burning altar of Makhleb.
  5464 | D:6      | Found a staircase to the Ecumenical Temple.
  5485 | Temple   | Entered the Ecumenical Temple
  5591 | Temple   | Became a worshipper of Warmaster Okawaru
  5915 | D:6      | Found a faded altar of an unknown god.
  5915 | D:6      | Found a basalt altar of Yredelemnul.
  5920 | D:6      | Found a glowing golden altar of the Shining One.
  5922 | D:6      | Found a shimmering altar of Xom.
  5923 | D:6      | Found a faded altar of an unknown god.
  6329 | D:7      | Noticed Prince Ribbit
  6341 | D:7      | Killed Prince Ribbit
  6341 | D:7      | Reached skill level 6 in Shields
  6482 | D:7      | Reached * piety under Okawaru
  7097 | D:8      | Reached skill level 7 in Shields
  7097 | D:8      | Reached XP level 10. HP: 61/73 MP: 10/10
  7191 | D:8      | Reached ** piety under Okawaru
  7209 | D:8      | Reached skill level 5 in Fighting
  7309 | D:8      | Noticed a two-headed hydra
  7319 | D:8      | Killed a two-headed hydra
  7319 | D:8      | Reached *** piety under Okawaru
  7319 | D:8      | Reached skill level 8 in Shields
  7482 | D:8      | Noticed a two-headed ogre
  7491 | D:8      | Killed a two-headed ogre
  7491 | D:8      | Reached **** piety under Okawaru
  7491 | D:8      | Reached skill level 5 in Maces & Flails
  7491 | D:8      | Reached XP level 11. HP: 43/80 MP: 8/11
  7771 | D:8      | Found a sand-covered staircase.
  7778 | Ossuary  | Entered an ossuary
  8114 | D:8      | Noticed a two-headed ogre
  8124 | D:8      | Killed a two-headed ogre
  8124 | D:8      | Reached ***** piety under Okawaru
  8124 | D:8      | Reached skill level 9 in Shields
  8327 | D:8      | Noticed an orange crystal statue
  8598 | D:9      | Found a bloodstained altar of Trog.
  9055 | D:10     | Entered Level 10 of the Dungeon
  9196 | D:10     | Noticed a death yak
  9229 | D:10     | Killed a death yak
  9517 | D:10     | Found a staircase to the Lair.
  9581 | D:10     | Noticed Fannar
  9596 | D:10     | Killed Fannar
  9666 | D:10     | Noticed Psyche
  9680 | D:10     | Killed Psyche
  9841 | D:10     | Noticed Nergalle
  9843 | D:10     | Noticed Joseph
  9917 | D:10     | Noticed a two-headed ogre
  9931 | D:10     | Killed a two-headed ogre
 10168 | D:10     | Killed Joseph
 10168 | D:10     | Received a gift from Okawaru
 10168 | D:10     | Reached skill level 10 in Shields
 10168 | D:10     | Reached XP level 12. HP: 76/89 MP: 13/13
 10288 | D:10     | Killed Nergalle
 10371 | D:10     | Found Kostras's Distillery.
 10701 | Lair:1   | Entered Level 1 of the Lair of Beasts
 10896 | Lair:1   | Reached ****** piety under Okawaru
 11050 | Lair:1   | Noticed a six-headed hydra
 11067 | Lair:1   | Killed a six-headed hydra
 11258 | Lair:1   | Received a gift from Okawaru
 11700 | Lair:2   | Reached skill level 10 in Axes
 11707 | Lair:2   | Reached skill level 11 in Shields
 11718 | Lair:2   | Reached skill level 1 in Invocations
 11883 | Lair:2   | Found a frozen archway.
 11950 | Lair:2   | Reached XP level 13. HP: 96/96 MP: 14/14
 12016 | IceCv    | Entered an ice cave
 13013 | IceCv    | Got an ebony hand crossbow
 13016 | IceCv    | Got a ripped robe
 13226 | Lair:2   | Received a gift from Okawaru
 13832 | Lair:2   | Identified the cursed +1 hand crossbow of Spite {venom, rF+} (You found it in an ice cave)
 13925 | Lair:3   | Found a staircase to the Snake Pit.
 13998 | Lair:3   | Reached skill level 5 in Dodging
 14005 | Lair:3   | Reached skill level 12 in Shields
 14238 | Lair:3   | Found a staircase to the Swamp.
 15007 | Lair:4   | Noticed Tungsten's ghost (journeyman NaIE)
 15045 | Lair:4   | Killed Tungsten's ghost
 15111 | Lair:4   | Got a coiled copper amulet
 15123 | Lair:4   | Noticed Harold
 15148 | Lair:4   | Killed Harold
 15148 | Lair:4   | Received a gift from Okawaru
 15192 | Lair:4   | Noticed an eight-headed hydra
 15193 | Lair:4   | Noticed Urug
 15224 | Lair:4   | Killed an eight-headed hydra
 15261 | Lair:4   | Killed Urug
 15322 | Lair:4   | Noticed a five-headed hydra
 15348 | Lair:4   | Killed a five-headed hydra
 15348 | Lair:4   | Reached XP level 14. HP: 98/104 MP: 15/15
 15380 | Lair:4   | Identified the amulet of Taits {Faith rElec Int+4} (You found it on level 4 of the Lair of Beasts)
 16248 | Lair:5   | Found a staircase to the Slime Pits.
 16678 | Lair:6   | Entered Level 6 of the Lair of Beasts
 16702 | Lair:5   | HP: 4/106 [seven-headed hydra (8)]
 17498 | Lair:6   | Reached skill level 13 in Shields
 17519 | Lair:6   | Identified a scroll of acquirement
 18024 | Lair:6   | Received a gift from Okawaru
 18664 | Lair:6   | Got a steaming sapphire amulet
 18697 | Lair:6   | Reached XP level 15. HP: 113/113 MP: 17/17
 18725 | Lair:6   | Reached skill level 10 in Armour
 18736 | Lair:6   | Got a pair of pitted boots {god gift}
 18768 | Lair:6   | Received a gift from Okawaru
 19076 | Lair:6   | Identified the +0 pair of boots "Zuqyzxeu" {rElec rN++ rCorr Dex-5} (Okawaru gifted it to you on level 6 of the Lair of Beasts)
 19636 | Lair:6   | Paralysed by a hornet for 1 turns
 19853 | Lair:6   | Found a runed door.
 20172 | Lair:6   | Received a gift from Okawaru
 20196 | Lair:6   | Got a jewelled demon whip {god gift}
 20204 | Lair:6   | Identified the +2 demon whip of Recklessness {venom, *Rage rPois rF+ rC+} (Okawaru gifted it to you on level 6 of the Lair of Beasts)
 20271 | Lair:6   | Reached skill level 10 in Maces & Flails
 20701 | D:10     | Bought a potion of agility for 56 gold pieces
 20701 | D:10     | Bought a potion of heal wounds for 70 gold pieces
 20787 | Swamp:1  | Entered Level 1 of the Swamp
 20850 | Swamp:1  | Received a gift from Okawaru
 20853 | Swamp:1  | Got a warped chain mail {god gift}
 20864 | Swamp:1  | Identified the +4 chain mail "Xiupnyga" {Dex+4} (Okawaru gifted it to you on level 1 of the Swamp)
 21052 | Swamp:1  | Reached skill level 14 in Shields
 21527 | Swamp:1  | Reached skill level 10 in Fighting
 21600 | Swamp:1  | Noticed Roxanne
 21641 | Swamp:1  | Killed Roxanne
 21922 | Swamp:2  | Noticed a thorn hunter
 22462 | Swamp:2  | Killed a thorn hunter
 22504 | Swamp:2  | Reached XP level 16. HP: 122/122 MP: 17/19
 22654 | Swamp:2  | Received a gift from Okawaru
 22757 | Swamp:2  | Received a gift from Okawaru
 22777 | Swamp:2  | Got a shimmering chain mail {god gift}
 22788 | Swamp:2  | Identified the +5 chain mail "Mynaepp" {rF+ rC+ MR+} (Okawaru gifted it to you on level 2 of the Swamp)
 23054 | Swamp:2  | Noticed a thorn hunter
 23070 | Swamp:2  | Killed a thorn hunter
 25452 | Swamp:4  | Entered Level 4 of the Swamp
 25452 | Swamp:4  | Noticed a thorn hunter
 25461 | Swamp:3  | Received a gift from Okawaru
 25517 | Swamp:3  | Identified a +2 pair of boots of running (Okawaru gifted it to you on level 3 of the Swamp)
 25521 | Swamp:4  | Noticed Kirke
 25590 | Swamp:3  | Killed a thorn hunter
 25763 | Swamp:3  | Killed Kirke
 25822 | Swamp:4  | Noticed Jorgrun
 26287 | Swamp:3  | Killed Jorgrun
 26287 | Swamp:3  | Reached skill level 15 in Shields
 26379 | Swamp:4  | Reached XP level 17. HP: 126/131 MP: 20/20
 26597 | Swamp:4  | Noticed a thorn hunter
 26635 | Swamp:3  | Killed a thorn hunter
 27016 | Swamp:4  | Received a gift from Okawaru
 27058 | Swamp:4  | Reached skill level 1 in Throwing
 27058 | Swamp:4  | Reached skill level 1 in Unarmed Combat
 27058 | Swamp:4  | Reached skill level 1 in Spellcasting
 27058 | Swamp:4  | Reached XP level 18. HP: 111/138 MP: 21/21
 27077 | Swamp:4  | Reached skill level 5 in Invocations
 27093 | Swamp:4  | Noticed Bai Suzhen
 27149 | Swamp:4  | Killed Bai Suzhen
 27621 | Swamp:4  | Noticed the 27-headed Lernaean hydra
 27642 | Swamp:4  | Killed the 27-headed Lernaean hydra
 27642 | Swamp:4  | Received a gift from Okawaru
 27687 | Swamp:4  | Got a pair of jewelled gloves
 27693 | Swamp:4  | Identified the +1 pair of gloves of Binouj {*Drain *Slow rF+++ rN+++ Int+3} (You found it on level 4 of the Swamp)
 27872 | Swamp:4  | Got a decaying rune of Zot
 28773 | Snake:1  | Entered Level 1 of the Snake Pit
 29526 | Snake:1  | Noticed Aizul
 29536 | Snake:1  | Reached skill level 16 in Shields
 29840 | Snake:1  | Killed Aizul
 30097 | Snake:1  | You fall through a shaft!
 31011 | Snake:2  | Received a gift from Okawaru
 31091 | Snake:2  | Got an ichor-stained crystal plate armour {god gift}
 31102 | Snake:2  | Identified the +1 crystal plate armour "Muykhlyi" {rC+ rN+ SInv} (Okawaru gifted it to you on level 2 of the Snake Pit)
 31389 | Snake:2  | Reached XP level 19. HP: 146/146 MP: 23/23
 32835 | Snake:3  | Reached skill level 17 in Shields
 32873 | Snake:3  | Received a gift from Okawaru
 33376 | Snake:3  | Found Japlesm's Book Shoppe.
 33632 | Swamp:1  | Got a bloodstained hunting sling
 33704 | Lair:2   | Identified the +0 hunting sling "Spiderbane" {velocity, MR+ Str+3 Int+2} (You found it on level 1 of the Swamp)
 34392 | Snake:3  | Noticed Vashnia
 34503 | Snake:3  | Killed Vashnia
 34503 | Snake:3  | Reached skill level 1 in Slings
 34638 | Snake:3  | Received a gift from Okawaru
 34691 | Snake:3  | Found Castreg's Jewellery Shoppe.
 34691 | Snake:3  | Found Barghy's Gadget Boutique.
 34692 | Snake:3  | Found Fuexteal's Gadget Boutique.
 34814 | Snake:4  | Entered Level 4 of the Snake Pit
 35437 | Snake:4  | Received a gift from Okawaru
 36400 | Snake:4  | Reached XP level 20. HP: 86/155 MP: 22/24
 37503 | Snake:4  | Received a gift from Okawaru
 38096 | Snake:4  | Got a serpentine rune of Zot
 38524 | Lair:2   | Identified the amulet "Buegg" {Harm *Drain rC+ Str+2} (You found it on level 6 of the Lair of Beasts)
 38971 | D:11     | Noticed CollectiveS's ghost (journeyman HaSk)
 39252 | D:11     | Killed CollectiveS's ghost
 39306 | D:11     | Noticed Snorg
 39316 | D:11     | Killed Snorg
 39339 | D:11     | Noticed Grum
 39351 | D:11     | Killed Grum
 39413 | D:11     | Got a scorched platinum ring
 39447 | D:11     | Identified the ring "Gagexkic" {EV+3 Int+5} (You found it on level 11 of the Dungeon)
 40621 | D:12     | Found a portal to a secret trove of treasure.
 40937 | D:12     | Found a staircase to the Orcish Mines.
 41078 | Orc:1    | Entered Level 1 of the Orcish Mines
 41140 | Orc:1    | Received a gift from Okawaru
 41479 | Orc:1    | Found Ishinach's Antique Weapon Boutique.
 41722 | Orc:2    | Entered Level 2 of the Orcish Mines
 41974 | Orc:2    | Found a roughly hewn altar of Beogh.
 42098 | Orc:2    | Found Teihos's Antique Weapon Emporium.
 42098 | Orc:2    | Found Laifoyt's Food Boutique.
 42110 | Orc:2    | Found Wouj's Armour Emporium.
 42110 | Orc:2    | Found Siuruuk's Distillery.
 42203 | Orc:2    | Found a staircase to the Elven Halls.
 42764 | D:8      | Received a gift from Okawaru
 42767 | D:8      | Got a scorched hat {god gift}
 42778 | D:8      | Identified the +1 hat of the Dice {rElec rF+ rCorr Int-2} (Okawaru gifted it to you on level 8 of the Dungeon)
 42780 | D:8      | Identified Asmodeus's Handbook of Combat Magic and Creation
 43485 | D:13     | Noticed Frances
 43523 | D:13     | Killed Frances
 43523 | D:13     | Reached skill level 5 in Spellcasting
 43679 | D:13     | Reached XP level 21. HP: 146/162 MP: 28/28
 43697 | D:13     | Reached skill level 15 in Axes
 43797 | D:13     | Found a gate to the Vaults.
 43872 | D:13     | Got an ancient hand axe
 43873 | D:13     | Identified the +3 hand axe "Igomoce" {antimagic, +Rage Stlth+} (You found it on level 13 of the Dungeon)
 44205 | Vaults:1 | Entered Level 1 of the Vaults
 44232 | Vaults:1 | Reached skill level 18 in Shields
 44401 | Vaults:1 | Found Yxtiolao's Gadget Emporium.
 44771 | Vaults:1 | Received a gift from Okawaru
 45000 | Vaults:1 | Found Bunius's Gadget Emporium.
 45269 | Vaults:1 | Found Naess's General Store.
 45519 | Vaults:1 | Found Wumur's Antique Armour Shoppe.
 45558 | Vaults:1 | Found Cycybo's Weapon Boutique.
 45566 | Vaults:1 | Bought 6 silver tomahawks for 144 gold pieces
 45914 | Vaults:2 | Noticed Mennas
 45918 | Vaults:2 | Noticed Frederick
 46414 | Vaults:2 | Noticed Xtahua
 46432 | Vaults:2 | Killed Xtahua
 46645 | Vaults:2 | Noticed a Brimstone Fiend
 46713 | Vaults:2 | Reached skill level 10 in Dodging
 46925 | Vaults:2 | Reached XP level 22. HP: 91/171 MP: 32/32
 46927 | Vaults:2 | Received a gift from Okawaru
 46979 | Vaults:2 | Noticed Asterion
 47001 | Vaults:2 | Killed Asterion
 47355 | Vaults:2 | Found a staircase to the Crypt.
 47568 | Vaults:2 | Killed Frederick
 47568 | Vaults:2 | Reached skill level 10 in Invocations
 48476 | Vaults:2 | Killed Mennas
 48476 | Vaults:2 | Received a gift from Okawaru
 48486 | Vaults:2 | Got a crude shield {god gift}
 48497 | Vaults:2 | Identified the +3 shield "Duluvank" {Str+2} (Okawaru gifted it to you on level 2 of the Vaults)
 49856 | Vaults:3 | Reached XP level 23. HP: 169/178 MP: 35/35
 50698 | Vaults:4 | Received a gift from Okawaru
 50878 | Vaults:4 | Received a gift from Okawaru
 52732 | Lair:2   | Reached skill level 1 in Polearms
 52732 | Lair:2   | Reached XP level 24. HP: 186/186 MP: 35/35
 52920 | Elf:1    | Entered Level 1 of the Elven Halls
 52948 | Elf:1    | Found a radiant altar of Vehumet.
 53269 | Elf:1    | Noticed Azrael
 53286 | Elf:1    | Killed Azrael
 53497 | Elf:1    | Found an ancient bone altar of Kikubaaqudgha.
 53620 | Elf:1    | Reached skill level 19 in Shields
 53636 | Elf:1    | Identified the cursed +0 leather armour "Rogyan Kuco" {rF+ Regen+ Str+4 Dex-3} (You found it on level 1 of the Elven Halls)
 54327 | Elf:2    | Received a gift from Okawaru
 54348 | Elf:2    | Identified the +0 pair of boots "Soimic" {Int+2} (Okawaru gifted it to you on level 2 of the Elven Halls)
 54523 | Elf:2    | Found a runed gate.
 54523 | Elf:2    | Found a runed gate.
 54523 | Elf:2    | Found a runed gate.
 54750 | Elf:2    | Reached XP level 25. HP: 156/193 MP: 36/36
 55114 | Elf:3    | Entered Level 3 of the Elven Halls
 55205 | Elf:3    | Found a deep blue altar of Sif Muna.
 55210 | Elf:3    | Found Guece Deg's Gadget Boutique.
 55329 | Elf:3    | Bought a wand of disintegration (10) for 224 gold pieces
 56744 | Elf:3    | Received a gift from Okawaru
 57193 | Elf:3    | Reached skill level 15 in Fighting
 57226 | Elf:3    | Received a gift from Okawaru
 57283 | Elf:3    | Reached skill level 10 in Spellcasting
 57373 | Elf:3    | Received a gift from Okawaru
 57584 | Elf:3    | Identified Lame's Arcane Secrets of Thaumaturgy
 57686 | Elf:3    | Identified the +5 quarterstaff of Eternal Vigilance {elec, rN+ Dex+7} (You found it on level 3 of the Elven Halls)
 58161 | Lair:2   | Learned a level 2 spell: Blink
 58456 | Vaults:5 | Entered Level 5 of the Vaults
 58467 | Vaults:5 | Received a gift from Okawaru
 58471 | Vaults:5 | Noticed Boris
 58571 | Vaults:4 | Killed Boris
 58571 | Vaults:4 | Received a gift from Okawaru
 58575 | Vaults:4 | Got a warped demon trident {god gift}
 58633 | Vaults:4 | Identified the +4 demon trident "Demonslayer" {vamp, Int+4} (Okawaru gifted it to you on level 4 of the Vaults)
 58922 | Vaults:5 | Got a scorched war axe {god gift}
 58988 | Vaults:4 | Identified the +8 war axe "Wucleix" {flame, MR+ Int+2} (Okawaru gifted it to you on level 5 of the Vaults)
 59766 | Vaults:5 | Received a gift from Okawaru
 59801 | Vaults:5 | Reached XP level 26. HP: 175/202 MP: 12/37
 61672 | Vaults:5 | Reached skill level 20 in Shields
 61686 | Vaults:4 | Received a gift from Okawaru
 62578 | Vaults:5 | Got a silver rune of Zot
 63067 | Vaults:5 | Reached skill level 1 in Translocations
 63470 | Vaults:5 | Identified the cursed ring of Makhleb's Approval {+Inv rElec Str-2 Dex+4 Stlth-} (You took it off a deep elf sorcerer on level 5 of the Vaults)
 63492 | Vaults:5 | Identified the Tome of Enhancements
 63559 | Vaults:5 | Got a spiked chain mail
 63571 | Vaults:5 | Identified the +7 chain mail "Hupsar" {rC+ Stlth+} (You found it on level 5 of the Vaults)
 64565 | Snake:3  | Bought a cursed amulet of harm for 432 gold pieces
 64565 | Snake:3  | Bought an uncursed ring of magical power for 320 gold pieces
 64565 | Snake:3  | Bought an uncursed ring of protection from cold for 400 gold pieces
 64761 | Lair:2   | Identified the +0 robe of Ru's Regard {+Fly Stlth+} (You found it in an ice cave)
 64846 | D:12     | You paid a toll of +2 gold dragon scales to enter a treasure trove
 64847 | Trove    | Entered a treasure trove
 64857 | Trove    | Got a twitching crystal amulet
 64859 | Trove    | Got a twitching tin ring
 64861 | Trove    | Got a twitching bronze ring
 64865 | Trove    | Got a pitted steel ring
 64882 | Trove    | Identified the ring "Teicats" {*Slow rC+ MR+ Dex+5} (You found it in a treasure trove)
 64886 | Trove    | Identified the ring "Rodehiurgh" {rPois rC+ AC+4 Int+3 Stlth-} (You found it in a treasure trove)
 64891 | Trove    | Got a shimmering wooden ring
 64892 | Trove    | Identified the ring of Yjuecal {AC+5 Dex+2 Slay+2} (You found it in a treasure trove)
 64902 | Trove    | Identified the amulet "Nuof" {Faith rPois} (You found it in a treasure trove)
 64983 | D:12     | Identified the ring "Biydy" {Wiz rPois rF+ Str-5} (You found it in a treasure trove)
 65671 | D:15     | Entered Level 15 of the Dungeon
 65968 | D:15     | Found Imupotz's General Store.
 66668 | D:15     | Found a staircase to the Depths.
 66730 | D:15     | Found a glowing silver altar of Zin.
 66732 | D:15     | Found a white marble altar of Elyvilon.
 66732 | D:15     | Found a shattered altar of Ashenzari.
 66734 | D:15     | Found a shimmering altar of Xom.
 66734 | D:15     | Found a stormy altar of Qazlal.
 66734 | D:15     | Found a radiant altar of Vehumet.
 66984 | Depths:1 | Entered Level 1 of the Depths
 66984 | Depths:1 | Found a gateway to a ziggurat.
 67462 | Depths:1 | Found a gateway to Hell.
 67480 | Depths:1 | Received a gift from Okawaru
 67526 | Depths:1 | Got a steaming chain mail
 67537 | Depths:1 | Identified the +7 chain mail of Pegeyhaq {rC+ Dex+2} (You found it on level 1 of the Depths)
 67654 | Depths:1 | Noticed Sojobo
 67675 | Depths:1 | Killed Sojobo
 67675 | Depths:1 | Reached XP level 27. HP: 167/212 MP: 32/38
 68253 | Depths:1 | Found Hus Ushrelua's Antique Weapon Shoppe.
 68472 | Depths:1 | Noticed Mara
 68509 | Depths:1 | Noticed Kairos's illusion
 68512 | Depths:1 | Killed Mara
 68512 | Depths:1 | Received a gift from Okawaru
 68714 | Depths:1 | You fall through a shaft!
 68722 | Depths:2 | Got a crude war axe
 68838 | Depths:2 | Received a gift from Okawaru
 68841 | Depths:2 | Got a crude morningstar {god gift}
 68940 | Depths:2 | Paralysed by a floating eye for 3 turns
 69233 | Depths:2 | Identified the +11 war axe "Hydra's Curse" {holy, Int+2 Dex+4} (You found it on level 2 of the Depths)
 69428 | Depths:2 | Got a twisted chain mail
 69446 | Depths:2 | Identified the cursed +0 chain mail of Life {Stlth+} (You found it on level 2 of the Depths)
 69760 | Depths:2 | Reached skill level 5 in Translocations
 70023 | Depths:2 | Found Ittalicw's Armour Boutique.
 70038 | Depths:2 | Found a blossoming altar of Fedhas.
 70975 | Depths:3 | Received a gift from Okawaru
 71234 | Depths:3 | Noticed Nattefrost's ghost (veteran TeBe)
 71258 | Depths:3 | Killed Nattefrost's ghost
 71532 | Depths:3 | Identified the +1 morningstar "Qotat" {antimagic, rElec Str-4 Int+5} (Okawaru gifted it to you on level 2 of the Depths)
 71690 | Depths:3 | Noticed Saint Roka
 71768 | Depths:3 | Killed Saint Roka
 72229 | Depths:3 | Received a gift from Okawaru
 72387 | Depths:3 | Found a one-way gate leading to the halls of Pandemonium.
 72724 | Depths:4 | Reached skill level 21 in Shields
 72973 | Depths:4 | Reached skill level 15 in Armour
 73733 | Depths:4 | Reached skill level 5 in Stealth
 73863 | Depths:4 | Received a gift from Okawaru
 73864 | Depths:4 | Found the +8 trident of the Octopus King {venom, rElec rPois MR+}
 74126 | Depths:4 | Found a one-way gate to the infinite horrors of the Abyss.
 74911 | Depths:5 | Entered Level 5 of the Depths
 74962 | Depths:5 | Reached skill level 15 in Invocations
 75059 | Depths:5 | Noticed DEFE's ghost (veteran DEWn)
 75077 | Depths:5 | Killed DEFE's ghost
 75400 | Depths:5 | Received a gift from Okawaru
 75597 | Depths:5 | Received a gift from Okawaru
 76173 | Depths:5 | Reached skill level 15 in Dodging
 76256 | Depths:5 | Found a gate to the Realm of Zot.
 76443 | Depths:5 | Found Tiobyas's Antique Weapon Shop.
 76444 | Depths:5 | Found Duoclac's Gadget Boutique.
 76444 | Depths:5 | Found Muinul Hese's Magic Scroll Shop.
 76449 | Depths:5 | Found Tyuniz's Food Boutique.
 76779 | Hell     | Entered the Vestibule of Hell
 76779 | Hell     | Noticed Geryon
 76793 | Hell     | Noticed Murray
 76863 | Depths:5 | Killed Murray
 77169 | Depths:5 | Received a gift from Okawaru
 77174 | Depths:5 | Slain by a reaper

Vault maps used:
D:1:      nagdon_arrival_zigzag_paths, supply_closet_lemuel,
          minmay_misc_feat_secret_circle, minmay_ruptured
D:2:      minmay_door_path, first_ration, minmay_distorted
D:3:      old_standard_altar, uniq_sigmund
D:4:      serial_shops, shop, uniq_edmund, uniq_crazy_yiuf_cottage, uniq_grinder
D:5:      nicolae_ashenzari_panopticon, zin_academy
D:6:      chequers_temple_overflow_minitemple, overflow_temple_1_default,
          minmay_temple_entry_mist
D:7:      centaur_isle, uniq_prince_ribbit1
D:8:      statuecave_lemuel, nicolae_ossuary_entry_giza, hangedman_ranch
D:9:      trog_book
D:10:     david_lair_generic, serial_shops, nicolae_shop_waterfront,
          uniq_fannar, uniq_nergalle, uniq_psyche, uniq_joseph
D:11:     uniq_grum, uniq_snorg
D:12:     erik_orc_1, enter_trove_6
D:13:     lightli_vaults_fourway_checkpoint, uniq_frances
D:14:     hangedman_abyss_or_decor_passed
D:15:     gammafunk_enter_depths_forms, serial_shops, nicolae_shop_behind_doors,
          dk_noncrumbling_2, doesnt_xom_only_xom
Temple:   regret_index_temple_generic_petals
Lair:1:   minmay_lair_venomous_thicket, roderic_batcave, beast_lair_carwin_3
Lair:2:   portal_ice_cave_entry_ice_beasts
Lair:3:   minmay_swamp_entry_worms, minmay_snake_entry_guardpost_small,
          serial_bayou_ford_a
Lair:4:   uniq_urug, uniq_harold
Lair:5:   slime_dummy, serial_bayou_shore_a
Lair:6:   wormcave, guppyfry_lair_end_dragon, infiniplex_staircase_pool_2,
          minmay_lair_oklob_chamber
Swamp:1:  evilmike_swamp_ruin_house_4, uniq_roxanne
Swamp:2:  nicolae_swamp_trees_clearing
Swamp:3:  serial_swamp_ruin, evilmike_swamp_ruin_house_2,
          hangedman_swamp_ruin_hall, swamp_pool3, st_swamp_ruins_1
Swamp:4:  swamp_old_school, uniq_bai_suzhen, uniq_kirke, uniq_jorgrun
Snake:1:  serial_bayou_shore_b, uniq_aizul
Snake:2:  nicolae_snake_hallway, grunt_ministairs_6
Snake:3:  serial_shops, shop_statue, minmay_shop_grove, uniq_vashnia
Snake:4:  grunt_snake_rune_serpentine_throne, grunt_megastairs_3,
          lemuel_fruit_tree
Orc:1:    serial_shops, shop
Orc:2:    grunt_orc_tribal_feast, basic_altar
Elf:1:    eino_elf_arrival_altar, basic_altar, kennysheep_underground_church,
          minmay_strange_pillars, uniq_azrael
Elf:2:    st_stairs_4, nicolae_elf_big_sculpture_3
Elf:3:    minmay_elf_hall_dome, serial_shops, shop_fountains, basic_altar,
          hangedman_elf_simple_split
Vaults:1: vaults_mumra_hexcomb, nicolae_vaults_gold_heap,
          nicolae_vaults_network_periphery, nicolae_vaults_rhombus_5,
          vaults_room_semicircle, v_misc_14, v_rooms_4, v_misc_30, serial_shops,
          shop, shop_statue, shop_fountains, nicolae_shop_trees,
          nicolae_shop_crystal
Vaults:2: nicolae_vaults_network_s, st_octagons_1, hangedman_vaults_snaps,
          minmay_crypt_entry_skeletal_spiral, vaults_dpeg_spiral,
          vaults_room_semicircle, v_misc_12, nicolae_vaults_alarming,
          nicolae_vaults_little_squares_3, v_rooms_4, nicolae_vaults_rhombus_6,
          ontoclasm_vaults_twist, nicolae_vaults_bisected_exclaves, uniq_xtahua,
          uniq_asterion, uniq_mennas, uniq_frederick
Vaults:3: hangedman_vaults_stream, hangedman_vaults_variations,
          ontoclasm_vaults_bender, v_rooms_4, v_rooms_1,
          vaults_standard_mumra_lines, v_misc_25, nicolae_vaults_hallways_thing,
          vaults_room_stairs_pillars, v_misc_27, vaults_room_pool,
          nicolae_vaults_ring_of_whatevers, serial_ice_b,
          grunt_vaults_hallway_short
Vaults:4: nicolae_vaults_theta, nicolae_vaults_c_with_doors,
          nicolae_vaults_circle_grid_a, hangedman_vaults_maws,
          hangedman_vaults_locks, ontoclasm_vaults_fault,
          nicolae_vaults_asterisk, dpeg_vaults_monster_box, vaults_dpeg_ring
Vaults:5: serial_shops, uniq_boris
Depths:1: enter_ziggurat_d, minmay_misc_feat_nine_boxes,
          grunt_hell_entry_demonic_statue, kennysheep_windowed_goal,
          grunt_megastairs_4, infiniplex_staircase_pool_lava, uniq_mara,
          uniq_sojobo
Depths:2: hangedman_cross_cluster, lemuel_statue_altar,
          pf_vacation_house_of_asmodeus, serial_shops, shop
Depths:3: wad_pebble_path, rand_demon_pan_entry_7, wad_floor_pattern_untrapped,
          hell_entry, minmay_staircase_bubble, uniq_saint_roka
Depths:4: hangedman_crystal_crosses_colossus, abyss_entry, serial_shops,
          hell_entry
Depths:5: evilmike_zot_entry_diamond, pf_coc_iceberg, spider_trap,
          minmay_shoptagon, serial_bayou_shore_b
Trove:    trove_jewel_1
Ossuary:  ossuary_tomb_3
IceCv:    ice_cave_tombish

Skill      XL: |  1  2  3  4  5  6  7  8  9 10 11 12 13 14 15 16 17 18 19 20 21 22 23 24 25 26 27 |
---------------+----------------------------------------------------------------------------------+-----
Axes           | 3 4 5 6 7 8 9 10 11 12 13 14 15 16 17 18 | 18.0
Armour         | 4 5 6 7 8 9 10 11 12 13 14 15 | 15.7
Stealth        | 1 2 3 4 5 |  5.0
Dodging        | 1 2 3 4 5 6 7 9 10 11 12 13 15 | 15.1
Shields        | 4 5 7 8 10 11 12 13 14 15 16 17 18 19 20 21 | 21.6
Fighting       | 4 5 6 7 9 10 11 12 13 14 15 16 18 | 18.1
Evocations     | 1 2 |  2.4
Maces & Flails | 2 3 5 6 7 9 10 12 | 12.6
Invocations    | 2 3 4 5 6 8 9 10 11 12 13 15 | 15.3
Throwing       | 1 2 |  2.1
Unarmed Combat | 1 |  1.6
Spellcasting   | 1 3 5 6 8 9 10 11 12 | 12.9
Slings         | 2 |  2.9
Polearms       | 1 |  1.0
Translocations | 2 8 |  8.0

Action                   |  1- 3 |  4- 6 |  7- 9 | 10-12 | 13-15 | 16-18 | 19-21 | 22-24 | 25-27 || total
-------------------------+-------+-------+-------+-------+-------+-------+-------+-------+-------++-------
Melee: War axe           |    98 |   144 |   172 |   322 |   153 |       |       |       |   274 ||  1163
       Whip              |       |       |   140 |   425 |   647 |       |       |       |       ||  1212
       Broad axe         |       |       |       |       |   463 |   152 |  1885 |  1374 |  2655 ||  6529
       Demon whip        |       |       |       |       |   235 |  1231 |   819 |   117 |    36 ||  2438
       Hand axe          |       |       |       |       |       |       |    38 |    11 |       ||    49
       Trishula          |       |       |       |       |       |       |       |       |     5 ||     5
 Fire: Hunting sling     |       |       |       |       |       |       |    76 |       |       ||    76
Throw: Throwing net      |       |       |     3 |       |       |       |       |       |       ||     3
       Tomahawk          |       |       |     3 |       |       |       |       |       |       ||     3
Invok: Heroism           |       |       |       |     7 |    16 |    13 |    21 |     8 |    24 ||    89
       Finesse           |       |       |       |     1 |     5 |    10 |     1 |     4 |    18 ||    39
 Abil: Evoke Flight      |       |       |       |       |       |     1 |     2 |       |       ||     3
Evoke: Wand              |       |     2 |     3 |     6 |     4 |     1 |       |     1 |     1 ||    18
  Use: Scroll            |       |     8 |     7 |     8 |    13 |     7 |    10 |     7 |    25 ||    85
       Potion            |       |     1 |     1 |     4 |     2 |     3 |     4 |     5 |     5 ||    25
 Stab: Paralysed         |       |     5 |       |       |       |       |       |       |       ||     5
       Held in net/web   |       |       |     4 |       |       |       |       |       |       ||     4
       Sleeping          |       |       |       |       |     1 |       |       |       |       ||     1
       Confused          |       |       |       |       |       |     3 |     1 |       |       ||     4
       Invisible         |       |       |       |       |       |     4 |       |       |       ||     4
       Distracted        |       |       |       |       |       |       |       |       |     2 ||     2
  Eat: Chunk             |       |     6 |    10 |     9 |    14 |     2 |    23 |     9 |    25 ||    98
       Ration            |       |       |     1 |     3 |     8 |     7 |     8 |     5 |    13 ||    45
Armor: Scale mail        |    74 |    51 |     1 |       |       |       |       |       |       ||   126
       Ring mail         |       |     3 |       |       |       |       |       |       |       ||     3
       Chain mail        |       |       |   144 |   228 |   442 |   556 |       |       |   418 ||  1788
       Crystal plate arm |       |       |       |       |       |    12 |   809 |   432 |   343 ||  1596
Dodge: Dodged            |    33 |    51 |    79 |   183 |   324 |   515 |   449 |   345 |  1124 ||  3103
Block: Shield            |    63 |   104 |   293 |   559 |   998 |  1204 |  2177 |  1011 |  2113 ||  8522

Table legend:
 A = Spawn XP
 B = Non-spawn XP
 C = Spawn XP percentage of total XP
 D = Spawn monster count
 E = Non-spawn monster count
 F = Spawn count percentage of total count
 G = Total turns spent on level
                    A         B        C        D         E        F      G
               +---------+---------+-------+---------+---------+-------+---------
         Total |       0 | 1233369 |   0.0 |       0 |    2143 |   0.0 | 77174
               +---------+---------+-------+---------+---------+-------+---------
           D:1 |       0 |      80 |   0.0 |       0 |      39 |   0.0 |  1173
           D:2 |       0 |      86 |   0.0 |       0 |      16 |   0.0 |  1064
           D:3 |       0 |     327 |   0.0 |       0 |      33 |   0.0 |   619
           D:4 |       0 |    1014 |   0.0 |       0 |      21 |   0.0 |  1959
           D:5 |       0 |     455 |   0.0 |       0 |      16 |   0.0 |   631
           D:6 |       0 |     315 |   0.0 |       0 |       9 |   0.0 |   552
           D:7 |       0 |    1585 |   0.0 |       0 |      21 |   0.0 |  1233
           D:8 |       0 |    6224 |   0.0 |       0 |      44 |   0.0 |  1299
           D:9 |       0 |    1434 |   0.0 |       0 |      29 |   0.0 |   874
          D:10 |       0 |    5372 |   0.0 |       0 |      22 |   0.0 |  2085
          D:11 |       0 |    7027 |   0.0 |       0 |      37 |   0.0 |  1410
          D:12 |       0 |    5937 |   0.0 |       0 |      52 |   0.0 |  1294
          D:13 |       0 |   19543 |   0.0 |       0 |      47 |   0.0 |  1134
          D:14 |       0 |    3889 |   0.0 |       0 |      22 |   0.0 |   425
          D:15 |       0 |    7476 |   0.0 |       0 |      20 |   0.0 |  1037
        Lair:1 |       0 |    7047 |   0.0 |       0 |      41 |   0.0 |  1142
        Lair:2 |       0 |    5057 |   0.0 |       0 |      26 |   0.0 |  2015
        Lair:3 |       0 |    6004 |   0.0 |       0 |      27 |   0.0 |  1975
        Lair:4 |       0 |    6612 |   0.0 |       0 |      12 |   0.0 |   974
        Lair:5 |       0 |    8242 |   0.0 |       0 |      21 |   0.0 |  1530
        Lair:6 |       0 |   39248 |   0.0 |       0 |     103 |   0.0 |  3073
       Swamp:1 |       0 |   11869 |   0.0 |       0 |      26 |   0.0 |  1903
       Swamp:2 |       0 |   16849 |   0.0 |       0 |      30 |   0.0 |  1519
       Swamp:3 |       0 |   32413 |   0.0 |       0 |      59 |   0.0 |  2932
       Swamp:4 |       0 |   27983 |   0.0 |       0 |      45 |   0.0 |  1751
       Snake:1 |       0 |   17194 |   0.0 |       0 |      33 |   0.0 |  1516
       Snake:2 |       0 |   27079 |   0.0 |       0 |      54 |   0.0 |  2059
       Snake:3 |       0 |   26143 |   0.0 |       0 |      35 |   0.0 |  1641
       Snake:4 |       0 |   64298 |   0.0 |       0 |     107 |   0.0 |  3520
         Orc:1 |       0 |    8614 |   0.0 |       0 |      47 |   0.0 |   682
         Orc:2 |       0 |   10979 |   0.0 |       0 |      67 |   0.0 |   835
         Elf:1 |       0 |   28744 |   0.0 |       0 |      52 |   0.0 |  1099
         Elf:2 |       0 |   51282 |   0.0 |       0 |      62 |   0.0 |  1680
         Elf:3 |       0 |   44306 |   0.0 |       0 |      45 |   0.0 |  2274
      Vaults:1 |       0 |   29439 |   0.0 |       0 |      60 |   0.0 |  2107
      Vaults:2 |       0 |   89733 |   0.0 |       0 |     103 |   0.0 |  2639
      Vaults:3 |       0 |   59124 |   0.0 |       0 |      97 |   0.0 |  2305
      Vaults:4 |       0 |   70175 |   0.0 |       0 |      65 |   0.0 |  4244
      Vaults:5 |       0 |  119479 |   0.0 |       0 |     115 |   0.0 |  3083
      Depths:1 |       0 |   79131 |   0.0 |       0 |     104 |   0.0 |  2300
      Depths:2 |       0 |   56625 |   0.0 |       0 |      55 |   0.0 |  2123
      Depths:3 |       0 |   57781 |   0.0 |       0 |      65 |   0.0 |  1295
      Depths:4 |       0 |   80757 |   0.0 |       0 |      56 |   0.0 |  2826
      Depths:5 |       0 |   76229 |   0.0 |       0 |      53 |   0.0 |  1596
          Hell |       0 |    8385 |   0.0 |       0 |      10 |   0.0 |    50
       Ossuary |       0 |     150 |   0.0 |       0 |      16 |   0.0 |   276
         IceCv |       0 |    5634 |   0.0 |       0 |      24 |   0.0 |  1057
               +---------+---------+-------+---------+---------+-------+---------
